 Dungeon Crawl Stone Soup version 0.32-a0-673-g3729bd50f8 (webtiles) character file.

Game seed: 4416078844781669152

919 djent the Cutter (level 7, -2/44 HPs)
             Began as a Deep Elf Monk on Mar 11, 2024.
             Slain by a black bear (4 damage)
             ... on level 5 of the Dungeon.
             The game lasted 00:20:37 (4967 turns).

djent the Cutter (Deep Elf Monk)                    Turns: 4967, Time: 00:20:39

Health: -2/44      AC:  4    Str:  8    XL:     7   Next: 83%
Magic:  9/9        EV: 17    Int: 15    God:
Gold:   33         SH:  0    Dex: 22    Spells: 6/6 levels left

rFire   + . .        h - +2 dagger (venom)
rCold   + . .        d - orb {light}
rNeg    . . .        b - +0 robe
rPois   +            m - +0 helmet
rElec   .            w - scarf {rC+ rF+}
rCorr   .            z - +0 pair of gloves {Dex+3}
SInv    .            (no boots)
Will    .....        (no amulet)
Stlth   +            c - ring of poison resistance
HPRegen 0.27/turn    (no ring)
MPRegen 0.11/turn

%: no passive effects
@: glowing
A: no striking features
a: no special abilities


You were on level 5 of the Dungeon.
You visited 1 branch of the dungeon, and saw 5 of its levels.
You also visited: Ossuary.

You collected 252 gold pieces.
You spent 219 gold pieces at shops.

Inventory:

Hand Weapons
 h - a +2 dagger of venom (weapon)
 y - a +0 short sword of draining
Missiles
 f - 5 poisoned darts
 g - 4 atropa-tipped darts (quivered)
Armour
 b - a +0 robe (worn)
 d - an orb of light (worn)
 m - a +0 helmet (worn)
 w - a scarf of resistance (worn)
 z - a +0 pair of gloves of dexterity (worn)
Jewellery
 c - a ring of poison resistance (left hand)
 o - a ring of see invisible
Talismans
 e - a flux talisman
 v - a beast talisman
Wands
 x - a wand of warping (9)
Scrolls
 i - a scroll of immolation {unknown}
 j - 6 scrolls of identify {unknown}
 k - 2 scrolls of noise {unknown}
 l - 4 scrolls of enchant armour {unknown}
 p - 2 scrolls of teleportation {unknown}
 r - 2 scrolls of vulnerability {unknown}
 u - 2 scrolls of fear {unknown}
Potions
 a - a potion of might {unknown}
 n - 2 potions of curing
 q - a potion of mutation {unknown}
 t - a potion of heal wounds {unknown}


   Skills:
 + Level 4.3 Fighting
 * Level 6.9 Short Blades
 - Level 1.5 Throwing
 + Level 6.4 Dodging


You had 6 spell levels left.
You didn't know any spells.
Your spell library was empty.

Dungeon Overview and Level Annotations

Branches:
Dungeon (5/15)            Ossuary (visited)
 Temple: D:4-7

Altars:
Ashenzari
The Shining One

Shops:
D:2 :![[


Message History

You hit the shadow imp.
The shadow imp is poisoned.
The shadow imp is moderately wounded.
You hit the shadow imp but do no damage.
The shadow imp is severely wounded.
The shadow imp misses you.
The orc priest looks satisfied for a moment.
You hit the shadow imp but do no damage.
The shadow imp looks as sick as possible!
The shadow imp is almost dead.
The shadow imp closely misses you.
You hit the shadow imp.
You kill the shadow imp!
You hit the orc priest.
The orc priest is poisoned.
The orc priest is lightly wounded.
The orc priest hits you with a +0 hand axe.
You barely miss the orc priest.
The orc priest is lightly wounded.
You hit the orc priest but do no damage.
The orc priest looks as sick as possible!
The orc priest is lightly wounded.
The orc priest miscasts a cantrip.
You hit the orc priest.
The orc priest looks as sick as possible!
The orc priest is heavily wounded.
The orc priest mumbles some strange prayers to Beogh against you.
Beogh smites you!
You puncture the orc priest!
You kill the orc priest!
You hit the black bear but do no damage.
The black bear is poisoned.
The black bear bites you.
* * * LOW HITPOINT WARNING * * *
The black bear misses you. x2
You hit the black bear.
The black bear is lightly wounded.
The black bear bites you!
* * * LOW HITPOINT WARNING * * *
The black bear claws you.
* * * LOW HITPOINT WARNING * * *
The black bear claws you.
You die...

#. #. #. ##. ##.. .. #### #...
.. ..# #... o. #.# #... #. #@#
####... #.##h## #...... #..#..#
#...... #.# #.##.## ###h....h
#.# #.....# #.5....5. # #.#
####..######.#...... .. #. #.#
##..##..†.#...... ...#.##.#####
##..#..##........
............###.......#........


You could see a black bear (very poisoned).

Vanquished Creatures
  Sigmund (D:2)
  An ice beast (D:5)
  A centaur (D:5)
  A phantom (D:5)
  A scorpion (D:2)
  A hound (D:5)
  A jelly (D:4)
  2 orc priests (D:5)
  An iguana (D:4)
  2 orc wizards (D:5)
  2 mummies (Ossuary)
  Robin (D:2)
  7 adders
  A shadow imp (D:5)
  A ribbon worm (D:3)
  4 dart slugs
  13 orcs
  5 ball pythons
  9 endoplasms
  3 giant cockroaches (D:1)
  16 goblins
  12 hobgoblins
  7 quokkas
  5 bats
  4 frilled lizards (D:1)
  5 gnoll skeletons (Ossuary)
  2 gnoll zombies (Ossuary)
  5 goblin skeletons (Ossuary)
  2 goblin zombies (Ossuary)
  3 hobgoblin skeletons (Ossuary)
  7 hobgoblin zombies (Ossuary)
  7 kobolds
  3 kobold skeletons (Ossuary)
  4 kobold zombies (Ossuary)
  2 orc skeletons (Ossuary)
  2 orc zombies (Ossuary)
  9 rats
  5 rat skeletons (Ossuary)
  5 rat zombies (Ossuary)
163 creatures vanquished.

Notes
Turn   | Place    | Note
-------+----------+-------------------------------------------
     0 | D:1      | djent the Deep Elf Monk began the quest for the Orb.
     0 | D:1      | Reached XP level 1. HP: 13/13 MP: 3/3
   103 | D:1      | Reached XP level 2. HP: 14/18 MP: 4/4
   329 | D:1      | Found a faded altar of an unknown god.
   457 | D:1      | Reached XP level 3. HP: 21/22 MP: 5/5
   750 | D:2      | Found Vuimn's Armour Shoppe.
   973 | D:2      | Noticed a scorpion
   985 | D:2      | Killed a scorpion
   986 | D:2      | Reached XP level 4. HP: 28/28 MP: 6/6
  1039 | D:2      | Found Mojoh's Book Emporium.
  1057 | D:2      | Found Jukiw's Armour Boutique.
  1150 | D:2      | Noticed Sigmund
  1167 | D:2      | Killed Sigmund
  1168 | D:2      | Reached skill level 5 in Short Blades
  1168 | D:2      | Reached skill level 5 in Dodging
  1168 | D:2      | Reached XP level 5. HP: 25/32 MP: 7/7
  1168 | D:2      | Reached XP level 6. HP: 29/37 MP: 8/8
  1199 | D:2      | Noticed Robin
  1206 | D:2      | Killed Robin
  1270 | D:2      | Found Vosad's Distillery.
  1277 | D:2      | Bought 2 potions of curing for 60 gold pieces
  1277 | D:2      | Bought a potion of degeneration for 10 gold pieces
  2484 | D:4      | Found a sand-covered staircase.
  2494 | Ossuary  | Entered an ossuary
  3262 | Ossuary  | Noticed Menkaure
  3469 | D:4      | Found a broken altar of Ashenzari.
  3800 | D:4      | Reached XP level 7. HP: 41/41 MP: 9/9
  4032 | D:5      | Entered Level 5 of the Dungeon
  4149 | D:2      | Bought a +0 pair of gloves of dexterity for 149 gold pieces
  4411 | D:5      | Reached skill level 1 in Throwing
  4658 | D:5      | Found a glowing golden altar of the Shining One.
  4967 | D:5      | HP: 2/44 [black bear (1)]
  4967 | D:5      | Slain by a black bear

Illustrated notes

Levels and vault maps discovered:
D:1:      heliophobic_arrival_dark_side_of_the_moon, layout_rooms,
          chequers_ecumenical_altar_simple_redux
D:2:      layout_loops_ring, serial_shops, shop, nicolae_shop_behind_doors,
          shop, shop, uniq_sigmund, uniq_robin
D:3:      layout_loops_ring, serial_glass, glass_columns_a, glass_columns_a,
          kennysheep_generic_room_14
D:4:      layout_cave_pools, mainiacjoe_overflow_surrounded_room,
          mainiacjoe_ossuary_entry_dusty_tomb
D:5:      layout_rooms, mainiacjoe_overflow_chevrons

Skill      XL: |  1  2  3  4  5  6  7 |
---------------+----------------------+-----
Dodging        | 4 5 6 |  6.4
Fighting       | 3 4 |  4.3
Short Blades   | 4 5 6 |  6.9
Throwing       | 1 |  1.5

Action                     |  1- 3 |  4- 6 |  7- 9 || total
---------------------------+-------+-------+-------++-------
  Melee: Short sword       |    61 |       |     7 ||    68
         Dagger            |    64 |   340 |   105 ||   509
  Throw: Throwing net      |       |     2 |       ||     2
         Dart              |       |     6 |       ||     6
    Use: Potion            |     3 |     1 |     1 ||     5
   Stab: Held in net/web   |       |     2 |       ||     2
         Invisible         |       |     1 |       ||     1
 Armour: Robe              |    38 |    66 |    43 ||   147
  Dodge: Dodged            |    65 |   129 |    50 ||   244

Table legend: (Time is in decaauts)
 A = Elapsed time spent in this place.
 B = Non-inter-level travel time spent in this place.
 C = Inter-level travel time spent in this place.
 D = Time resting spent in this place.
 E = Time spent auto-exploring this place.
 F = Levels seen in this place.
 G = Mean time per level.
                   A        B        C        D        E       F      G
               +--------+--------+--------+--------+--------+-----+--------+
         Total |   4825 |   4559 |    266 |    795 |   2143 |   6 |  804.2 |
       Dungeon |   3938 |   3672 |    266 |    632 |   2011 |   5 |  787.6 |
       Ossuary |    886 |    886 |      0 |    163 |    132 |   1 |  886.0 |
               +--------+--------+--------+--------+--------+-----+--------+

Top non-repeatable levels by time:
     D:2: 991 daAuts
 Ossuary: 886 daAuts
     D:4: 766 daAuts
     D:3: 738 daAuts
     D:5: 723 daAuts
     D:1: 718 daAuts
